Gurps, lawful female human Valkyrie ----- ------ |!@!| #%....| |!m!| #|%.... |!!!| #|....| |!!!| #|.<..| |!!.| #|....| |..@| #------ ---|- #### ### # ############## ### # # . .. . .. --- Gurps the Skirmisher Experience level: 4 Strength: 18/02 Dexterity: 12 Constitution: 18 Intelligence: 9 Wisdom: 9 Charisma: 8 Health: 0(42) Energy: 10(10) Def: 4 Gold: 372 Moves: 2399 Dungeon seed: BD6lKpgv4JZQ7XgQ Game ID: Gurps_1521886419 Your Inventory: Coins $ - 372 gold pieces Weapons a - a thoroughly rusty corroded +1 long sword (weapon in hand) b - a +0 dagger Armor e - an uncursed +3 small shield (being worn) q - an uncursed rusty +0 orcish helm (being worn) Scrolls f - an uncursed scroll of enchant armor Potions h - an uncursed potion of enlightenment j - an uncursed potion of monster detection Wands d - a wand of teleportation (0:7) Gems n - an uncursed worthless piece of red glass r - an uncursed worthless piece of black glass y - an uncursed worthless piece of yellowish brown glass Spells and supernatural/magical abilities: Name Level Category Fail Memory W - pray for help -- divine ? -- Your skills at the end: Fighting Skills Weapon Skills dagger [Basic] long sword [Basic] Spellcasting Skills Final Attributes: You were piously aligned. You were cold resistant. You were stealthy. You were held by a giant mimic. You are dead. Vanquished creatures: a rock piercer a shrieker a kitten a homunculus an iguana a coyote a gas spore a hobbit 3 giant rats a green mold 2 garter snakes a gnome zombie 2 geckos 2 jackals a fox 5 goblins 3 grid bugs a lichen a kobold zombie 7 newts 37 creatures vanquished. Voluntary challenges: You were an atheist. You used a wielded weapon 49 times, starting on turn 126. You read items or engraved 2 times, starting on turn 14. You never genocided any monsters. You never polymorphed an object. You never changed form. You used no wishes. You never split a pudding. You wrote Elbereth's name 1 time, starting on turn 15. You violated your moral code, losing 19 points of alignment, starting on turn 621. Dungeon overview: The Dungeons of Doom: levels 1 to 6 Level 1 a long staircase Level 2 Level 3 a long staircase Level 4 Level 5 Level 6 <- You were here a potion shop History has recorded: On T:1 you entered the Dungeons of Doom to retrieve the Amulet of Yendor! On T:436 you reached level 2 of The Dungeons of Doom. On T:577 you advanced to experience level 2. On T:843 you advanced to experience level 3. On T:1100 you reached level 3 of The Dungeons of Doom. On T:1139 you reached level 4 of The Dungeons of Doom. On T:1383 you advanced to experience level 4. On T:1721 you reached level 5 of The Dungeons of Doom. On T:2088 you reached level 6 of The Dungeons of Doom. Score breakdown: Gold: 372 ( 8748 points) Experience: 4 levels ( 9649 points) Exploration: 6 levels ( 11.76%) ( 9486 points) Discoveries: 0 items ( 0.00%) ( 0 points) Valuables value: (no points given unless you survive) Artifact value: 0 ( 0 points) Variety of kills: 20 monsters ( 5.25%) ( 6873 points) Turncount: 2399 turns ( -269 points) Survival: died (score multiplied by 80%) Total score: 27589 Latest messages: You kill the giant rat! You see here a giant rat corpse. The gnome zombie just misses! You destroy the gnome zombie! There is a doorway here. You see here a gnome corpse. There is a doorway here. You see here a gnome corpse. You see here a giant rat corpse. There is a doorway here. You see here a gnome corpse. "Velkommen, Gurps! Welcome again to Gomel's liquor emporium!" You see here a yellow potion (266 zorkmids). You see here an effervescent potion (133 zorkmids). You see here a pink potion (177 zorkmids). You see here a milky potion (200 zorkmids). You see here a magenta potion (133 zorkmids). Wait! That's a giant mimic! You hit the giant mimic! (2x) The giant mimic hits! (2x) You die... Gomel gratefully inherits all your possessions. Final status: Farvel Gurps the Valkyrie, killed by a giant mimic... You died in The Dungeons of Doom on dungeon level 6 with 27589 points, and 372 pieces of gold, after 2399 moves. You were level 4 with a maximum of 42 hit points when you died.